 Dungeon Crawl Stone Soup version 0.27.1-1-g398f81649c (webtiles) character file.

Game seed: 7700383235085033512

144 Gwenloh the Ducker (level 5, 0/39 HPs)
             Began as a Djinni Earth Elementalist on Sept 13, 2021.
             Slain by a wyvern zombie (5 damage)
             ... on level 4 of the Dungeon.
             The game lasted 00:12:06 (4107 turns).

Gwenloh the Ducker (Djinni Earth Elementalist)      Turns: 4107, Time: 00:12:07

Health: 0/39       AC:  3    Str:  7    XL:     5   Next: 51%
Gold:   96         EV: 13    Int: 17    God:
                   SH:  0    Dex: 14

rFire    + + .     SeeInvis .   a - +0 hunting sling
rCold    x . .     Faith    .   (no shield)
rNeg     . . .     Spirit   .   f - +0 robe
rPois    ∞         Reflect  .   (no helmet)
rElec    .         Harm     .   (no cloak)
rCorr    .         Rampage  .   k - +0 pair of gloves
Will     +....                  (boots unavailable)
Stlth    ++........             (no amulet)
HPRegen  0.13/turn              m - ring of willpower
MPRegen  0.00/turn              (no ring)

@: flying
A: sickness immunity, fire resistance 2, cold vulnerability 1, float, innate
caster, hp casting, extra vitality 1
a: no special abilities


You were on level 4 of the Dungeon.
You visited 1 branch of the dungeon, and saw 4 of its levels.

You collected 96 gold pieces.

Inventory:

Hand Weapons
 a - a +0 hunting sling (weapon)
 b - a +1 flail of protection
 i - a +0 dagger
Missiles
 c - 129 stones
 h - 40 sling bullets (quivered ammo)
Armour
 f - a +0 robe (worn)
 k - a +0 pair of gloves (worn)
Jewellery
 m - a ring of willpower (left hand)
Scrolls
 d - 3 scrolls of identify {unknown}
 e - a scroll of noise {unknown}
 g - a scroll of teleportation {unknown}
 j - a scroll of amnesia {unknown}
 l - 2 scrolls of immolation {unknown}
 n - a scroll of fear {unknown}


   Skills:
 + Level 2.5 Fighting
 + Level 3.8 Dodging
 - Level 1.5 Stealth
 + Level 3.2 Spellcasting


You couldn't memorise any spells.
You knew the following spells:

 Your Spells              Type           Power      Damage    Failure   Level
a - Sandblast             Erth           26%        2d8       4%          1
b - Stone Arrow           Conj/Erth      26%        3d8       14%         3
c - Passwall              Tmut/Erth      10%        N/A       7%          2
d - Petrify               Tmut/Erth      13%        N/A       41%         4
e - Summon Small Mammal   Summ           52%        N/A       4%          1
f - Wereblood             Tmut           13%        N/A       7%          2
Your spell library was empty.

Dungeon Overview and Level Annotations

Branches:
Dungeon (4/15)
 Temple: D:4-7

Altars:
The Shining One


Innate Abilities, Weirdness & Mutations

You are immune to sickness and miasma.
You are immune to poison.
Your flesh is very heat resistant. (rF++)
You are vulnerable to cold. (rC-)
You float through the air rather than walking.
You learn spells naturally, not from books.
Your magical power is your life essence.
You have superior vitality. (+4 HP)


Message History

You shoot a sling bullet.
The sling bullet hits the wyvern zombie.
The wyvern zombie is lightly damaged.
Casting: Stone Arrow (quite dangerous; 14% risk of failure)
Confirm with . or Enter, or press ? or * to list all spells.
The spell is quite dangerous to cast (14% risk of failure)!
Continue anyway?
Aiming: Stone Arrow (quite dangerous; 14% risk of failure)
Press: ? - help, Shift-Dir - straight line, f/p - wyvern zombie
Aim: a wyvern zombie (lightly damaged, 89% to hit)
The stone arrow hits the wyvern zombie!
The wyvern zombie is moderately damaged.
Casting: Stone Arrow (quite dangerous; 14% risk of failure)
Confirm with . or Enter, or press ? or * to list all spells.
The spell is quite dangerous to cast (14% risk of failure)!
Continue anyway?
Aiming: Stone Arrow (quite dangerous; 14% risk of failure)
Press: ? - help, Shift-Dir - straight line, f/p - wyvern zombie
Aim: a wyvern zombie (moderately damaged, 89% to hit)
The stone arrow hits the wyvern zombie!
The wyvern zombie is severely damaged.
The wyvern zombie bites you!
Casting: Stone Arrow (quite dangerous; 14% risk of failure)
Confirm with . or Enter, or press ? or * to list all spells.
The spell is quite dangerous to cast (14% risk of failure)!
Continue anyway?
Aiming: Stone Arrow (quite dangerous; 14% risk of failure)
Press: ? - help, Shift-Dir - straight line, f/p - wyvern zombie
Aim: a wyvern zombie (severely damaged, 89% to hit)
The stone arrow misses the wyvern zombie.
The wyvern zombie barely misses you.
Casting: Stone Arrow (quite dangerous; 14% risk of failure)
Confirm with . or Enter, or press ? or * to list all spells.
The spell is quite dangerous to cast (14% risk of failure)!
Continue anyway?
Aiming: Stone Arrow (quite dangerous; 14% risk of failure)
Press: ? - help, Shift-Dir - straight line, f/p - wyvern zombie
Aim: a wyvern zombie (severely damaged, 89% to hit)
The stone arrow hits the wyvern zombie!
The wyvern zombie is almost destroyed.
The wyvern zombie bites you!
* * * LOW HITPOINT WARNING * * *
The wyvern zombie bites you.
You die...

.. #. #. #.
######## #.
#......#
#.##......#
#......#..#
#......#..#
#Z@###.#..###
.(.(....#
#......#
######..#
#.#.##.#
#......#.##.#
#.###.##....#
.. #.#####.#
.. #.......##
J..
######...#
##.##


You could see a wyvern zombie and an endoplasm (asleep).

Vanquished Creatures
  A gnoll (D:2)
  6 adders
  3 worms
  4 dart slugs
  11 ball pythons
  5 endoplasms
  2 giant cockroaches
  5 goblins
  2 hobgoblins (D:2)
  9 jackals
  2 kobolds (D:2)
  2 quokkas (D:1)
  4 bats (D:1)
  A frilled lizard (D:1)
  5 rats
62 creatures vanquished.

Vanquished Creatures (collateral kills)
  2 jackals (D:1)
2 creatures vanquished.

Vanquished Creatures (others)
  14 plants (D:2)
14 creatures vanquished.

Grand Total: 78 creatures vanquished

Notes
Turn   | Place    | Note
-------+----------+-------------------------------------------
     0 | D:1      | Gwenloh the Djinni Earth Elementalist began the quest for
                  | the Orb.
     0 | D:1      | Reached XP level 1. HP: 15/15 MP: 0/0
   187 | D:1      | Reached XP level 2. HP: 21/22 MP: 0/0
   382 | D:1      | Reached skill level 1 in Fighting
   560 | D:1      | Reached XP level 3. HP: 27/27 MP: 0/0
   560 | D:1      | Learned a level 1 spell: Summon Small Mammal
  1876 | D:2      | Reached XP level 4. HP: 15/33 MP: 0/0
  2432 | D:2      | Found a faded altar of an unknown god.
  3162 | D:3      | Reached XP level 5. HP: 35/38 MP: 0/0
  3162 | D:3      | Learned a level 2 spell: Wereblood
  3311 | D:3      | Found a glowing golden altar of the Shining One.
  4107 | D:4      | Slain by a wyvern zombie

Illustrated notes

Levels and vault maps discovered:
D:1:      dpeg_arrival_tiny_b, layout_loops_ring
D:2:      cheibrodos_helix_gallery, layout_loops_ring,
          hellmonk_ecumenical_altar_arch_garden, serial_bayou_pond_c,
          guppyfry_early_lair_pool
D:3:      layout_loops_ring, tso_metal_star, roderic_roman_lattice
D:4:      cheibrodos_quashed, layout_loops_cross, uniq_eustachio, uniq_edmund,
          uniq_sigmund

Skill      XL: |  1  2  3  4 |
---------------+-------------+-----
Fighting       | 1 2 |  2.5
Dodging        | 3 |  3.8
Spellcasting   | 3 |  3.2
Stealth        | |  1.5

Action                   |  1- 3 |  4- 6 || total
-------------------------+-------+-------++-------
Melee: Unarmed           |    51 |    11 ||    62
 Fire: Hunting sling     |       |    47 ||    47
 Cast: Sandblast         |    23 |     8 ||    31
       Stone Arrow       |    15 |    22 ||    37
       Summon Small Mamm |     9 |       ||     9
 Stab: Sleeping          |     1 |       ||     1
Armor: Robe              |    11 |     3 ||    14
Dodge: Dodged            |    51 |    13 ||    64
